 Dungeon Crawl Stone Soup version 0.28.0-49-g6dfe1f597d (webtiles) character file.

Game seed: 6566055676799808619

179 issech the Cudgeller (level 5, -1/53 HPs)
             Began as a Troll Monk on May 16, 2022.
             Slain by Ijyb
             ... wielding a +0 club
              (3 damage)
             ... on level 3 of the Dungeon.
             The game lasted 00:07:10 (1809 turns).

issech the Cudgeller (Troll Monk)                   Turns: 1809, Time: 00:07:11

Health: -1/53      AC:  4    Str: 19    XL:     5   Next: 32%
Magic:  4/4        EV: 10    Int:  6    God:
Gold:   110        SH:  8    Dex: 20    Spells: 4/4 levels left

rFire   . . .      SeeInvis .   v - +0 war axe
rCold   . . .      Faith    .   h - +0 kite shield
rNeg    . . .      Spirit   .   b - +0 robe
rPois   .          Reflect  .   (helmet restricted)
rElec   .          Harm     .   (no cloak)
rCorr   .          Rampage  .   (gloves unavailable)
Will    +....                   (boots unavailable)
Stlth   ++........              (no amulet)
HPRegen 0.97/turn               d - ring of willpower
MPRegen 0.09/turn               m - +6 ring of dexterity

@: no status effects
A: large, unfitting armour, claws 3, regeneration 1, shaggy fur 1, tough skin 1
a: no special abilities


You were on level 3 of the Dungeon.
You visited 1 branch of the dungeon, and saw 3 of its levels.

You collected 110 gold pieces.

Inventory:

Hand Weapons
 a - a +0 mace
 r - a +0 flail
 v - a +0 war axe (weapon)
Missiles
 f - 20 arrows
 o - 34 stones (quivered)
 q - 2 boomerangs of dispersal
Armour
 b - a +0 robe (worn)
 h - a +0 kite shield (worn)
Jewellery
 d - a ring of willpower (left claw)
 m - a +6 ring of dexterity (right claw)
Scrolls
 e - a scroll of immolation {unknown}
 g - 3 scrolls of identify {unknown}
 j - 3 scrolls of enchant armour {unknown}
 s - a scroll of amnesia {unknown}
 t - a scroll of blinking {unknown}
 w - 2 scrolls of brand weapon {unknown}
Potions
 c - 2 potions of cancellation
 i - a potion of brilliance {unknown}
 k - 2 potions of curing {unknown}
 l - a potion of degeneration {unknown}
 n - a potion of lignification {unknown}
 p - a potion of haste {unknown}
 u - a potion of might {unknown}


   Skills:
 + Level 3.1 Fighting
 + Level 0.3(2.1) Axes
 + Level 3.8 Maces & Flails
 + Level 0.1 Throwing
 + Level 3.4 Dodging
 + Level 1.2 Stealth
 + Level 1.0 Shields


You had 4 spell levels left.
You didn't know any spells.
Your spell library contained the following spells:

 Spells                   Type           Power      Damage    Failure   Level
 Ozocubu's Armour         Ice            0%         N/A       98%         3
 Ozocubu's Refrigeration  Ice            0%         4d5       100%        7


Dungeon Overview and Level Annotations

Branches:
Dungeon (3/15)

Altars:

Annotations:
D:2 Sigmund
D:3 1 runed translucent door, Crazy Yiuf, Ijyb


Innate Abilities, Weirdness & Mutations

You are too large for most types of armour.
You have claws for hands.
Your natural rate of healing is unusually fast.
You are covered in fur. (AC +1)
You have tough skin. (AC +1)


Message History

Ijyb zaps a wand.
The bolt of acid hits the quokka!!
The quokka dies!
The bolt of acid misses you.
You throw a stone. The stone hits Ijyb but does no damage.
Ijyb is lightly wounded.
You throw a stone. The stone hits Ijyb but does no damage.
Ijyb is lightly wounded.
You barely miss Ijyb.
Ijyb is lightly wounded.
You block Ijyb's attack. Ijyb hits you with a +0 club.
You closely miss Ijyb.
Ijyb is lightly wounded.
Ijyb hits you with a +0 club.
You barely miss Ijyb.
Ijyb is lightly wounded.
Ijyb zaps a wand.
The bolt of acid hits you!! Ijyb barely misses you.
You hit Ijyb but do no damage.
Ijyb is lightly wounded.
Ijyb hits you with a +0 club.
You hit Ijyb.
Ijyb is moderately wounded.
You block Ijyb's attack.
Ijyb zaps a wand.
The bolt of acid hits you! The acid corrodes you!
The now-empty wand crumbles to dust.
You barely miss Ijyb.
Ijyb is lightly wounded.
Ijyb hits you with a +0 club!
* * * LOW HITPOINT WARNING * * *
You closely miss Ijyb.
Ijyb is lightly wounded.
Ijyb hits you with a +0 club!
* * * LOW HITPOINT WARNING * * *
Ijyb hits you with a +0 club.
* * * LOW HITPOINT WARNING * * *
Unknown command.
It was a potion of cancellation.
Your magical effects are unravelling.
You feel magically purged.
You are no longer corroded.
Ijyb hits you with a +0 club.
You die...

..#.#######.###
#.#.#.........# ###
..#.#.#####...# ..
....#.#.......# .#
.#..#.#.......###.#
##..#.#...........#
##..#.#........#..#
...>..............#
###....#########@.#
#>...# #g.# #.#.##
#..# #.#.# #(..
#.#.# #(..# #.#.#
#.... #.#.# #..###
#.# #... #.#


You could see Ijyb.

Vanquished Creatures
  A centaur skeleton (D:3)
  Jessica (D:3)
  Terence (D:2)
  A gnoll (D:1)
  2 adders
  2 dart slugs
  6 orcs (D:3)
  3 bats
  5 endoplasms
  2 giant cockroaches
  4 goblins
  4 hobgoblins
  8 jackals (D:1)
  4 quokkas
  3 ball pythons (D:1)
  A frilled lizard (D:1)
  3 kobolds
  5 rats
56 creatures vanquished.

Vanquished Creatures (others)
  A quokka (D:3)
1 creature vanquished.

Grand Total: 57 creatures vanquished

Notes
Turn   | Place    | Note
-------+----------+-------------------------------------------
     0 | D:1      | issech the Troll Monk began the quest for the Orb.
     0 | D:1      | Reached XP level 1. HP: 22/22 MP: 0/0
    92 | D:1      | Reached XP level 2. HP: 27/29 MP: 1/1
   154 | D:1      | Reached XP level 3. HP: 31/36 MP: 2/2
   390 | D:1      | You fall into a shaft and drop 1 floor!
   819 | D:2      | Noticed Terence
   889 | D:2      | Killed Terence
   890 | D:2      | Reached XP level 4. HP: 39/44 MP: 3/3
  1141 | D:2      | Noticed Sigmund
  1503 | D:3      | Noticed Jessica
  1510 | D:3      | Killed Jessica
  1563 | D:3      | Reached XP level 5. HP: 53/53 MP: 4/4
  1653 | D:3      | Found a runed translucent door.
  1654 | D:3      | Noticed Crazy Yiuf
  1760 | D:3      | Reached skill level 1 in Shields
  1769 | D:3      | Noticed Ijyb
  1808 | D:3      | HP: 1/53 [Ijyb/+0 club (3)]
  1809 | D:3      | Slain by Ijyb

Illustrated notes

Levels and vault maps discovered:
D:1:      dpeg_arrival_fog, layout_rooms, minivault_23, st_stairs_12
D:2:      layout_basic, uniq_terence, uniq_sigmund
D:3:      layout_basic, minmay_misc_feat_nine_boxes, uniq_crazy_yiuf_cottage,
          uniq_jessica, uniq_ijyb

Skill      XL: |  1  2  3  4  5 |
---------------+----------------+-----
Maces & Flails | 3 |  3.8
Dodging        | 3 |  3.4
Fighting       | 3 |  3.1
Shields        | 1 |  1.0
Axes           | |  0.3
Throwing       | |  0.1
Stealth        | |  1.2

Action                   |  1- 3 |  4- 6 || total
-------------------------+-------+-------++-------
Melee: Mace              |   139 |    23 ||   162
       War axe           |       |    25 ||    25
       Flail             |       |     4 ||     4
Throw: Stone             |     5 |     6 ||    11
  Use: Potion            |       |     1 ||     1
 Stab: Sleeping          |       |     3 ||     3
Armor: Robe              |    81 |    16 ||    97
Dodge: Dodged            |   121 |    29 ||   150
Block: Kite shield       |    46 |    19 ||    65
